 Dungeon Crawl Stone Soup version 0.27.0-1-g7a089689b8 (webtiles) character file.

Game seed: 16145518662295823808

117522 sasquatch the Unseen (level 16, -7/67 HPs)
             Began as a Spriggan Enchanter on Aug 5, 2021.
             Was the Champion of Okawaru.
             Mangled by a spark wasp (14 damage)
             ... on level 3 of the Spider Nest.
             The game lasted 01:50:56 (33018 turns).

sasquatch the Unseen (Spriggan Enchanter)          Turns: 33018, Time: 01:50:57

Health: -7/67      AC:  6    Str:  7    XL:     16   Next: 23%
Magic:  26/31      EV: 35    Int: 23    God:    Okawaru [******]
Gold:   2910       SH: 11    Dex: 22    Spells: 23/35 levels left

rFire    . . .     SeeInvis +   Q - +8 quick blade (vorpal)
rCold    . . .     Faith    .   J - +2 buckler {rPois}
rNeg     + + +     Spirit   .   g - +3 robe "Ippiqae" {Contam rPois rN++ Archmagi}
rPois    +         Reflect  .   L - +1 hat "Jajut" {Int+6}
rElec    .         Harm     .   (no cloak)
rCorr    .         Rampage  .   (gloves unavailable)
Will     ++...     Archmagi +   (boots unavailable)
Stlth    ++++++++..             N - amulet of Gaplagg {RegenMP rN++ Str+3 Slay+3}
HPRegen  0.21/turn              s - ring of wizardry
MPRegen  0.47/turn              E - +4 ring of evasion

@: very quick
A: very small, no large weapons, unfitting armour, see invisible, speed 3
a: Renounce Religion, Heroism, Finesse


You were on level 3 of the Spider Nest.
You worshipped Okawaru.
Okawaru was exalted by your worship.
You visited 5 branches of the dungeon, and saw 23 of its levels.

You collected 3140 gold pieces.
You spent 230 gold pieces at shops.

Inventory:

Hand Weapons
 Q - a +8 vorpal quick blade (weapon)
Missiles
 b - 2 curare-tipped darts
 k - 5 boomerangs of dispersal
 n - 139 poisoned darts (quivered)
 x - a throwing net
 B - 9 atropa-tipped darts
 R - 15 datura-tipped darts
Armour
 g - the +3 robe "Ippiqae" (worn) {Contam rPois rN++ Archmagi}
   (Okawaru gifted it to you on level 4 of the Lair of Beasts)

   rPois:     It protects you from poison.
   rN:        It greatly protects you from negative energy.
   Contam:    It causes magical contamination when unequipped.
   Archmagi:  It increases the power of your magical spells.
 J - a +2 buckler of poison resistance (worn)
 L - the +1 hat "Jajut" (worn) {Int+6}
   (You acquired it on level 2 of the Spider Nest)

   Int:       It affects your intelligence (+6).
 O - a +2 robe of willpower
Magical Staves
 F - a staff of conjuration
Jewellery
 c - a ring of ice
 j - an amulet of regeneration
 s - a ring of wizardry (left hand)
 u - an amulet of faith
 v - a ring of fire
 D - a ring of protection from fire
 E - a +4 ring of evasion (right hand)
 N - the amulet of Gaplagg (around neck) {RegenMP rN++ Str+3 Slay+3}
   (You found it on level 2 of the Lair of Beasts)

   [amulet of magic regeneration]

   It increases your rate of magic regeneration.
   Str:       It affects your strength (+3).
   Slay:      It affects your accuracy & damage with ranged weapons and melee
   (+3).
   rN:        It greatly protects you from negative energy.
Wands
 f - a wand of mindburst (25)
 y - a wand of polymorph (11)
 K - a wand of acid (9)
 M - a wand of flame (44)
 P - a wand of paralysis (10)
 T - a wand of iceblast (7)
Scrolls
 a - 4 scrolls of amnesia
 e - 5 scrolls of fog
 l - a scroll of enchant armour
 p - 4 scrolls of magic mapping
 z - 5 scrolls of teleportation
 A - a scroll of blinking
 H - a scroll of fear
 S - a scroll of identify
Potions
 d - 2 potions of brilliance
 h - 5 potions of attraction
 i - 7 potions of curing
 m - 2 potions of mutation
 o - 4 potions of haste
 q - 3 potions of heal wounds
 r - 3 potions of might
 t - a potion of magic
 w - 2 potions of resistance
 C - a potion of berserk rage
 G - a potion of flight {unknown}
 I - 4 potions of cancellation


   Skills:
 - Level 10.0 Short Blades
 * Level 8.6 Throwing
 - Level 15.0 Dodging
 + Level 19.7 Stealth
 - Level 7.2 Shields
 - Level 10.0 Spellcasting
 + Level 15.9 Hexes
 - Level 10.0 Invocations


You had 23 spell levels left.
You knew the following spells:

 Your Spells              Type           Power      Damage    Failure   Level
a - Corona                Hex            100%       N/A       0%          1
b - Ensorcelled Hibernat  Hex/Ice        100%       N/A       1%          2
c - Confusing Touch       Hex            91%        N/A       1%          3
d - Dazzling Flash        Conj/Hex       100%       N/A       1%          3
e - Tukima's Dance        Hex            91%        N/A       1%          3

Your spell library contained the following spells:

 Spells                   Type           Power      Damage    Failure   Level
 Animate Skeleton         Necr           34%        N/A       2%          1
 Pain                     Necr           68%        1d7       2%          1
 Ozocubu's Armour         Ice            17%        N/A       7%          3
 Spider Form              Tmut/Pois      8%         N/A       7%          3
 Vampiric Draining        Necr           8%         2d7       7%          3
 Animate Armour           Summ/Erth      34%        N/A       22%         4
 Hailstorm                Conj/Ice       17%        3d6       22%         4
 Ice Form                 Ice/Tmut       17%        N/A       22%         4
 Blade Hands              Tmut           8%         N/A       50%         5
 Iskenderun's Battlesphe  Conj           17%        2d7       50%         5
 Dispersal                Tloc           8%         N/A       96%         6
 Iron Shot                Conj/Erth      8%         9d3       96%         6
 Shadow Creatures         Summ           N/A        N/A       96%         6
 Simulacrum               Ice/Necr       8%         N/A       96%         6
 Ozocubu's Refrigeration  Ice            8%         4d6       100%        7
 Spellforged Servitor     Conj/Summ      8%         N/A       100%        7
 Disjunction              Tloc           8%         N/A       100%        8


Dungeon Overview and Level Annotations

Branches:
Dungeon (10/15)            Temple (0/1) D:7            Lair (6/6) D:8
  Swamp (2/4) Lair:4       Spider (3/4) Lair:4        Slime (0/5) Lair:5
    Orc (2/2) D:10            Elf (0/3) Orc:2

Altars:
Ashenzari
Dithmenos
Elyvilon
Hepliaklqana
Kikubaaqudgha
Makhleb
Okawaru
Ru
Trog
Uskayaw
Vehumet
Xom
Zin
The Shining One
Beogh

Shops:
D:6 *   Orc:1 [   Orc:2 *(([

Annotations:
D:1 exclusion: door
D:3 2 transporters, shadowrider38's ghost, novice GrFi
D:8 1 runed translucent door, ardl's ghost, novice DsCj
Lair:1 exclusion: oklob plant
Lair:4 exclusion: door


Innate Abilities, Weirdness & Mutations

You are very small and have problems with some larger weapons.
You are too small for most types of armour.
You have supernaturally acute eyesight. (SInv)
You cover ground extremely quickly. (Speed+++)


Message History

The helpless tarantella fails to defend itself.
You skewer the tarantella like a kebab!!!!!
You kill the tarantella!
Okawaru accepts your kill.
S - a scroll of identify;
T - a wand of iceblast (7)
A spark wasp comes into view.
A spark wasp is nearby!
The spark wasp buzzes angrily.
The spark wasp bursts into living lightning!
The living lightning misses you.
The spark wasp blinks!
Found 52 gold pieces.
Casting: Dazzling Flash (safe; 1% risk of failure)
Confirm with . or Enter, or press ? or * to list all spells.
Aiming: Ensorcelled Hibernation (safe; 1% risk of failure)
Press: ? - help, Shift-Dir - straight line, f - spark wasp
Aim: a spark wasp (chance to affect: 55%)
You feel a surge of power!
The spark wasp resists with some effort.
The spark wasp stings you. The spark wasp shocks you!
Casting: Ensorcelled Hibernation (safe; 1% risk of failure)
Confirm with . or Enter, or press ? or * to list all spells.
Aiming: Ensorcelled Hibernation (safe; 1% risk of failure)
Press: ? - help, Shift-Dir - straight line, f/p - spark wasp
Aim: a spark wasp (chance to affect: 55%)
You feel a surge of power!
The spark wasp resists with some effort.
The spark wasp stings you!! The spark wasp shocks you!
* * * LOW HITPOINT WARNING * * *
The spark wasp closely misses you.
Casting: Ensorcelled Hibernation (safe; 1% risk of failure)
Confirm with . or Enter, or press ? or * to list all spells.
Aiming: Ensorcelled Hibernation (safe; 1% risk of failure)
Press: ? - help, Shift-Dir - straight line, f/p - spark wasp
Aim: a spark wasp (chance to affect: 55%)
You feel a surge of power!
The spark wasp resists with some effort.
The spark wasp stings you!
* * * LOW HITPOINT WARNING * * *
The spark wasp shocks you!
You die...

#............................###.
#........<.........^.........#...
............................##...
.............††............##....
...........................#.....
.................................
........<...^..........#..^......
................y..######........
................@### #####....
#....................$.^ ##.†.
#..........^..........^. #^..
....................#### ####
..................$...
###.(..^............... .....
.............^. ...>.
...............


You could see a spark wasp.

Vanquished Creatures
  Nikola (Spider:1)
  Arachne (Spider:2)
  Jorgrun (Spider:2)
  Agnes (Spider:2)
  An emperor scorpion (Spider:2)
  2 entropy weavers
  2 spark wasps
  2 ettins (Orc:1)
  A shambling mangrove (Swamp:1)
  8 hydras
  A boulder beetle (Lair:6)
  4 catoblepae
  A centaur warrior (Orc:2)
  5 death yaks (Lair:4)
  2 two-headed ogres
  An orc high priest (Orc:2)
  Urug (Lair:3)
  2 goliath frogs (Swamp:1)
  A bog body (Swamp:1)
  8 orb spiders
  Pikel (D:8)
  10 orc knights
  12 wolf spiders
  A manticore (Lair:3)
  4 orc sorcerers (Orc:1)
  24 elephants
  3 black mambas
  14 cane toads
  12 komodo dragons
  15 rime drakes
  8 demonic crawlers
  5 trolls
  16 jumping spiders
  A tyrant leech (Swamp:1)
  6 hornets
  13 polar bears
  16 blink frogs
  3 raiju (Lair:6)
  2 spriggans (Swamp:1)
  23 redbacks
  16 tarantellas
  A wraith (D:9)
  10 wyverns
  A human (D:7)
  40 yaks
  6 basilisks
  4 hogs (D:7)
  8 vampire mosquitoes
  11 wargs
  12 water moccasins
  An acid dragon (D:9)
  12 hell hounds (Lair:6)
  A hornet zombie (D:6)
  An ice beast (D:7)
  2 sky beasts
  41 orc warriors
  16 black bears
  A necrophage (D:6)
  13 ogres
  9 centaurs
  16 wolves
  A phantom (D:7)
  4 kobold brigands
  A gnoll sergeant (D:4)
  2 scorpions
  A wyvern zombie (D:8)
  14 bullfrogs
  2 water moccasin skeletons (D:6)
  5 wights (D:8)
  37 killer bees
  3 electric eels
  2 howler monkeys
  19 jellies
  A lava snake (D:7)
  2 centaur zombies
  9 orc priests
  2 bullfrog skeletons (D:5)
  2 hounds (D:5)
  A gnoll shaman (D:7)
  3 iguanas
  22 orc wizards
  8 hell rats
  2 human simulacra (D:9)
  16 gnolls
  7 adders
  2 white imps
  2 ufetubi
  An adder skeleton (D:4)
  2 worms (D:3)
  2 dart slugs
  69 orcs
  8 endoplasms
  3 giant cockroaches
  6 goblins
  14 hobgoblins
  2 jackals (D:4)
  8 quokkas
  10 ball pythons
  7 bats
  8 frilled lizards
  18 kobolds
  12 rats
797 creatures vanquished.

Vanquished Creatures (collateral kills)
  A two-headed ogre (D:9)
1 creature vanquished.

Vanquished Creatures (others)
  A two-headed ogre (D:9)
  72 fungi
  138 plants
211 creatures vanquished.

Grand Total: 1009 creatures vanquished

Notes
Turn   | Place    | Note
-------+----------+-------------------------------------------
     0 | D:1      | sasquatch the Spriggan Enchanter began the quest for the
                  | Orb.
     0 | D:1      | Reached XP level 1. HP: 9/9 MP: 5/5
  1280 | D:1      | Reached XP level 2. HP: 13/13 MP: 4/6
  1667 | D:1      | Learned a level 2 spell: Ensorcelled Hibernation
  2175 | D:1      | Reached XP level 3. HP: 16/16 MP: 8/8
  2188 | D:2      | Reached skill level 5 in Stealth
  2280 | D:2      | Found a hide-covered altar of Uskayaw.
  3001 | D:2      | Reached XP level 4. HP: 21/21 MP: 6/9
  3665 | D:1      | Learned a level 3 spell: Confusing Touch
  4388 | D:3      | Found a hazy altar of Hepliaklqana.
  4543 | D:3      | Reached XP level 5. HP: 24/24 MP: 7/10
  4834 | D:3      | Found a transporter.
  4845 | D:3      | Noticed shadowrider38's ghost (novice GrFi)
  5180 | D:3      | Found a bloodstained altar of Trog.
  5232 | D:3      | Found a transporter.
  5697 | D:4      | Reached skill level 6 in Stealth
  6321 | D:4      | Reached skill level 5 in Hexes
  6632 | D:4      | Found an iron altar of Okawaru.
  6635 | D:4      | Reached XP level 6. HP: 28/28 MP: 8/11
  6645 | D:4      | Became a worshipper of Warmaster Okawaru
  6813 | D:4      | Reached skill level 5 in Short Blades
  7271 | D:5      | Entered Level 5 of the Dungeon
  7474 | D:5      | Reached skill level 7 in Stealth
  7511 | D:5      | Found a white marble altar of Elyvilon.
  7829 | D:5      | Reached XP level 7. HP: 27/32 MP: 1/12
  8452 | D:5      | Learned a level 3 spell: Dazzling Flash
  8528 | D:5      | Reached * piety under Okawaru
  9206 | D:6      | Reached skill level 8 in Stealth
  9470 | D:6      | Reached skill level 13 in Stealth
  9470 | D:6      | Reached skill level 10 in Hexes
  9470 | D:6      | Reached XP level 8. HP: 36/36 MP: 13/13
  9481 | D:6      | Reached XP level 9. HP: 39/39 MP: 14/14
  9488 | D:6      | Reached ** piety under Okawaru
  9816 | D:6      | Found Xoqosm's Overcharged Wands.
 10198 | D:7      | Found a radiant altar of Vehumet.
 10817 | D:7      | Found a staircase to the Ecumenical Temple.
 11069 | D:7      | Reached *** piety under Okawaru
 11730 | D:7      | Learned a level 3 spell: Tukima's Dance
 11762 | D:8      | Reached XP level 10. HP: 44/44 MP: 8/15
 12028 | D:8      | Reached skill level 14 in Stealth
 12029 | D:8      | Found a runed translucent door.
 12031 | D:8      | Noticed ardl's ghost (novice DsCj)
 12204 | D:8      | Reached **** piety under Okawaru
 12423 | D:8      | Found a sacrificial altar of Ru.
 13264 | D:8      | Noticed Pikel
 13266 | D:8      | Found a staircase to the Lair.
 13268 | D:8      | Killed Pikel
 13546 | D:8      | Reached ***** piety under Okawaru
 13547 | D:8      | Reached skill level 10 in Short Blades
 14617 | D:9      | Noticed a two-headed ogre
 14618 | D:9      | Noticed a two-headed ogre
 14717 | D:9      | Killed a two-headed ogre
 14806 | D:9      | Found a glowing golden altar of the Shining One.
 14900 | D:9      | Killed a two-headed ogre
 14900 | D:9      | Received a gift from Okawaru
 15045 | D:9      | Found a broken altar of Ashenzari.
 15078 | D:9      | Noticed a two-headed ogre
 15101 | D:9      | Killed a two-headed ogre
 15101 | D:9      | Received a gift from Okawaru
 15102 | D:9      | Reached skill level 1 in Invocations
 15102 | D:9      | Reached XP level 11. HP: 47/47 MP: 3/16
 15239 | D:9      | Found a glowing silver altar of Zin.
 15240 | D:9      | Found a shadowy altar of Dithmenos.
 15242 | D:9      | Found an ancient bone altar of Kikubaaqudgha.
 15242 | D:9      | Found a shimmering altar of Xom.
 15469 | D:9      | Reached skill level 10 in Dodging
 15813 | Lair:1   | Entered Level 1 of the Lair of Beasts
 15832 | Lair:1   | Reached skill level 15 in Stealth
 15832 | Lair:1   | Reached skill level 1 in Shields
 17051 | Lair:1   | Noticed an oklob plant
 17327 | Lair:2   | Reached skill level 5 in Invocations
 17605 | Lair:2   | Identified the amulet of Gaplagg {RegenMP rN++ Str+3
                  | Slay+3}
 18111 | Lair:2   | Received a gift from Okawaru
 18339 | Lair:2   | Noticed a catoblepas
 18343 | Lair:2   | Killed a catoblepas
 18529 | Lair:2   | Reached XP level 12. HP: 51/51 MP: 18/18
 18826 | Lair:2   | Reached skill level 5 in Shields
 19213 | Lair:3   | Noticed Urug
 19220 | Lair:3   | Killed Urug
 19319 | Lair:3   | Received a gift from Okawaru
 20384 | Lair:4   | Identified the +4 ring mail of Ehaebiun {rPois rF++ Dex-3}
 20440 | Lair:4   | Found a hole to the Spider Nest.
 20471 | Lair:4   | Found a staircase to the Swamp.
 20471 | Lair:4   | Noticed a death yak
 20471 | Lair:4   | Noticed a death yak
 20475 | Lair:4   | Noticed a death yak
 20475 | Lair:4   | Noticed a death yak
 20478 | Lair:4   | Noticed a death yak
 20559 | Lair:4   | Reached ****** piety under Okawaru
 20561 | Lair:4   | Identified the +3 robe "Ippiqae" {Contam rPois rN++
                  | Archmagi} (Okawaru gifted it to you on level 4 of the Lair
                  | of Beasts)
 20561 | Lair:4   | Received a gift from Okawaru
 20791 | Lair:4   | Noticed a four-headed hydra
 20795 | Lair:4   | Reached skill level 5 in Spellcasting
 21422 | Lair:4   | Reached XP level 13. HP: 37/55 MP: 16/23
 23073 | Lair:5   | Identified the +5 war axe of Waddos {vorpal, Str+2}
 23293 | Lair:5   | Received a gift from Okawaru
 23596 | Lair:5   | Found a staircase to the Slime Pits.
 23658 | Lair:5   | Reached skill level 10 in Spellcasting
 23937 | Lair:6   | Entered Level 6 of the Lair of Beasts
 24099 | Lair:6   | Identified the +4 fire dragon scales of Hicam {+Blink rF++
                  | rC-} (Okawaru gifted it to you on level 6 of the Lair of
                  | Beasts)
 24099 | Lair:6   | Received a gift from Okawaru
 24107 | Lair:6   | Reached XP level 14. HP: 48/59 MP: 21/29
 24224 | Lair:6   | Reached skill level 15 in Dodging
 24506 | Lair:6   | Reached skill level 10 in Invocations
 25112 | Lair:6   | Reached skill level 16 in Stealth
 25426 | Lair:6   | Identified the +1 scale mail "Jalith" {Dex+7}
 25504 | Lair:6   | Received a gift from Okawaru
 26200 | D:10     | Entered Level 10 of the Dungeon
 26564 | D:10     | Found a staircase to the Orcish Mines.
 26648 | Orc:1    | Entered Level 1 of the Orcish Mines
 26694 | Orc:1    | Found Poampown's Armour Emporium.
 26883 | Orc:1    | Reached skill level 17 in Stealth
 27121 | Orc:1    | Reached XP level 15. HP: 25/63 MP: 26/30
 27629 | Orc:2    | Entered Level 2 of the Orcish Mines
 27715 | Orc:2    | Received a gift from Okawaru
 27741 | Orc:2    | Reached skill level 18 in Stealth
 27893 | Orc:2    | Found a staircase to the Elven Halls.
 27936 | Orc:2    | Found a burning altar of Makhleb.
 28835 | Orc:2    | Reached skill level 1 in Throwing
 29065 | Orc:2    | Found Eceisoku's Antique Weapon Emporium.
 29065 | Orc:2    | Found Ucrexty's Antique Weapon Boutique.
 29067 | Orc:2    | Found Rocodomp's Assorted Antiques.
 29069 | Orc:2    | Found Uqoxzaeb's Armour Shoppe.
 29076 | Orc:2    | Bought a scroll of magic mapping for 73 gold pieces
 29076 | Orc:2    | Bought a scroll of enchant weapon for 157 gold pieces
 29322 | Swamp:1  | Entered Level 1 of the Swamp
 29368 | Swamp:1  | You fall into a shaft and drop 1 floor!
 29391 | Swamp:1  | Identified the +11 plate armour of Hedonism {rF++}
 30271 | Spider:1 | Entered Level 1 of the Spider Nest
 30566 | Spider:1 | Reached skill level 15 in Hexes
 30841 | Spider:1 | Reached skill level 5 in Throwing
 30938 | Spider:2 | Received a gift from Okawaru
 30945 | Spider:2 | Noticed Agnes
 30976 | Spider:2 | Noticed Nikola
 31092 | Spider:1 | Killed Nikola
 31092 | Spider:1 | Received a gift from Okawaru
 31093 | Spider:1 | Reached skill level 19 in Stealth
 31097 | Spider:1 | Received a gift from Okawaru
 31385 | Spider:2 | Received a gift from Okawaru
 31479 | Spider:2 | Killed Agnes
 31584 | Spider:2 | Identified a scroll of acquirement
 31584 | Spider:2 | Acquired the +1 hat "Jajut" {Int+6}
 31671 | Spider:2 | Noticed Arachne
 31681 | Spider:2 | Killed Arachne
 31828 | Spider:2 | Reached XP level 16. HP: 67/67 MP: 31/31
 31864 | Spider:2 | Noticed Jorgrun
 32280 | Spider:2 | Received a gift from Okawaru
 32429 | Spider:2 | Killed Jorgrun
 33018 | Spider:3 | Mangled by a spark wasp

Illustrated notes

Levels and vault maps discovered:
D:1:      minmay_arrival_widening_spiral_wide, layout_basic, st_stairs_5,
          minmay_pentomino_o4
D:2:      layout_basic, basic_altar, minmay_quadrilaterals
D:3:      layout_loops_ring, mainiacjoe_overflow_small_starburst,
          trog_butcher_becter, gammafunk_ghost_stat_death,
          minmay_misc_feat_rugged, minmay_vboxes
D:4:      layout_basic, okawaru_ov_weapons_minmay
D:5:      minmay_razor_zed, layout_basic, elyvilon_altar_5
D:6:      layout_basic, nicolae_shop_overcharged_wands
D:7:      layout_basic, nicolae_vehumet_altar_sigil, lemuel_temple_firewalk_b,
          minivault_24, kennysheep_diamond, chequers_serial_rivers_small_a,
          kennysheep_big_empty_room, grunt_livestock
D:8:      layout_basic, nicolae_ru_great_annihilating_truth,
          due_lair_maze_entry_diamond, serial_corexii_hall,
          chequers_hall_statues_corner_a, chequers_hall_statues_corner_a,
          gammafunk_ghost_grave, uniq_pikel
D:9:      layout_basic, tso_metal_star,
          chequers_temple_overflow_statue_of_worship,
          nicolae_overflow_crystal_walls, bh_circular_ruins
D:10:     layout_rooms, erik_orc_3
Lair:1:   layout_layer_cave, minmay_lair_oklob_chamber
Lair:2:   wad_woods_minihive, layout_cave_pods, serial_bayou_crossing
Lair:3:   layout_roguey, special_room, uniq_urug
Lair:4:   layout_roguey [special_room_mythical_zoo], minmay_swamp_entry_swarm,
          spider_nest_entry_a, gauntlet_entry_generic, serial_bayou_ford_a
Lair:5:   layout_regular_city, minmay_slime_entry_jelly_boxes, lemuel_fruit_tree
Lair:6:   hangedman_lair_caniforms_friends, layout_small_grid,
          serial_bayou_shore_b
Swamp:1:  layout_basic_swamp, evilmike_swamp_ruin_house_3
Swamp:2:  layout_falls_marsh, infiniplex_staircase_pool_2, worms_lemuel
Spider:1: layout_spider_delve
Spider:2: cheibrodos_forgotten_conduit, uniq_arachne, uniq_agnes, uniq_nikola,
          uniq_jorgrun
Spider:3: layout_spider_delve, nicolae_spider_altar_of_dancing,
          hangedman_spider_tarantella_strand
Orc:1:    layout_caves, basic_altar, serial_shops, nicolae_square_shop,
          guppyfry_orc_lava_fort
Orc:2:    st_orc_rangers, layout_diamond_mine, basic_altar,
          nicolae_orc_lava_tube

Skill      XL: |  1  2  3  4  5  6  7  8  9 10 11 12 13 14 15 16 |
---------------+-------------------------------------------------+-----
Short Blades   | 2 3 4 5 7 8 10 | 10.0
Hexes          | 4 5 10 11 12 14 15 | 15.9
Stealth        | 5 6 7 13 14 15 17 19 | 19.7
Dodging        | 9 10 11 14 15 | 15.0
Invocations    | 1 6 8 10 | 10.0
Shields        | 4 7 |  7.2
Spellcasting   | 6 10 | 10.0
Throwing       | 7 8 |  8.6

Action                   |  1- 3 |  4- 6 |  7- 9 | 10-12 | 13-15 | 16-18 || total
-------------------------+-------+-------+-------+-------+-------+-------++-------
Melee: Dagger            |   135 |   180 |   120 |   271 |       |       ||   706
       Quick blade       |       |       |       |   280 |  1275 |   102 ||  1657
Throw: Dart              |       |       |       |     8 |     7 |     1 ||    16
 Cast: Corona            |    20 |     7 |       |       |       |       ||    27
       Ensorcelled Hiber |    19 |    67 |    59 |   112 |   106 |    12 ||   375
       Confusing Touch   |       |     1 |    10 |    13 |       |       ||    24
       Dazzling Flash    |       |       |       |    34 |   175 |    17 ||   226
       Tukima's Dance    |       |       |       |     4 |       |       ||     4
Invok: Heroism           |       |       |       |     3 |    16 |     1 ||    20
       Finesse           |       |       |       |     1 |     5 |       ||     6
Evoke: Wand              |       |       |       |     1 |       |       ||     1
  Use: Scroll            |       |       |    11 |    12 |    12 |       ||    35
       Potion            |       |       |     1 |       |     3 |       ||     4
 Stab: Sleeping          |    17 |    55 |    34 |    86 |    91 |     6 ||   289
       Confused          |       |     1 |    11 |    10 |       |       ||    22
       Distracted        |       |     1 |     1 |     3 |     6 |     3 ||    14
       Invisible         |       |       |       |    29 |   212 |    21 ||   262
       Paralysed         |       |       |       |     1 |       |       ||     1
Armor: Robe              |    19 |    19 |     6 |    18 |    28 |     4 ||    94
Dodge: Dodged            |   110 |   128 |    62 |   274 |   771 |    88 ||  1433
Block: Buckler           |       |       |       |    93 |   503 |    44 ||   640
